[Event "Azerbaijan-ch 1st League 2025"]
[Site "Baku"]
[Date "2025.01.10"]
[Round "5.2"]
[White "Ahmad, Khagan"]
[Black "Aslanov, Umid"]
[Result "1/2-1/2"]
[Annotator "TA"]
[ECO "E01"]
[WhiteElo "2406"]
[BlackElo "2250"]
[PlyCount "205"]
[EventDate "2025.01.05"]
[EventType "swiss"]
[EventCountry "AZE"]
[SourceTitle "playchess.com"]
[Source "ChessBase"]
[SourceQuality "1"]
[TimeControl "40/5400+30:1800+30"]

1. Nf3 d5 2. d4 Nf6 3. c4 e6 4. g3 Bb4+ 5. Bd2 Bd6 6. Bg2 O-O 7. Bg5 c6 8. Nc3 Nbd7 9. O-O h6 10. Bxf6 Nxf6 11. e3 b6 12. Qb3 Qe7 13. Rfc1 Bb7 14. cxd5 exd5 15. Nh4 Qd7 16. a4 Rab8 17. a5 b5 18. a6 Bc8 19. e4 b4 {[%emt 0:05:54] [#]} 20. Nxd5 $1 cxd5 21. e5 Be7 $1 (21... g5 22. Nf3 $14) 22. exf6 Bxf6 23. Nf3 Re8 24. Rc5 Rb6 25. Rxd5 Qg4 (25... Qe7 $11) 26. h3 $16 Qg6 27. Ne5 Bxe5 28. Rxe5 Rxe5 29. dxe5 Bxa6 30. Qd5 (30. Qd1 $16) 30... Bb7 $1 $14 31. Qd8+ Kh7 32. Rxa7 Bxg2 33. Kxg2 {[%emt 0:00:03][%cal Oa7f7][%mdl 4096] Endgame KQR-KQR. White is a pawn up.} Qe4+ 34. Kh2 Rc6 35. Qd1 {[%emt 0:07:02] Prevents Rc1} Rc2 36. Rxf7 Rxb2 37. Rf8 Rb1 38. Rf4 Rxd1 39. Rxe4 {[%emt 0:00:12] KR-KR. White is a pawn up.} b3 {[%emt 0:00:27] White must now prevent ...b2.} 40. Re2 (40. Rb4 $14) 40... Rc1 (40... Kg8 $1 $11) 41. e6 $1 Rc2 42. Rxc2 bxc2 $16 {[%emt 0:00:04] KP-KP. White is a pawn up.} 43. e7 c1=Q 44. e8=Q {[%emt 0:00:05] KQ-KQ. White is a pawn up. Prevents Qe1} (44. e8=B Qf1 45. Bc6 Qxf2+ 46. Bg2 g5 47. Kh1 Kg6 (47... Qxg3 $2 48. Bf1 $19) 48. g4 Kf6 49. Kh2 Ke5 (49... Qf4+ {is a self mate.} 50. Kg1 Qe3+ 51. Kh2 Qf2 52. h4 gxh4 53. g5+ Kxg5 54. Kh1 Kg4 55. Bd5 Kg3 56. Bg8 Qh2#) 50. Kh1 Kf4 51. Kh2 Qe1 52. Bc6 Qg3+ 53. Kh1 Qf2 (53... Qxh3+ 54. Kg1 Kg3 55. Bd5 Qh2+ 56. Kf1 Qf2#) 54. Bd7 Kg3 55. Bf5 Qh2#) 44... Qc2 45. Kg2 Qd3 46. Qc6 Qf5 47. Qf3 Qe5 48. Qd3+ Kh8 49. h4 h5 50. Qe3 Qf5 51. Qg5 Qe4+ 52. Kh2 g6 53. Qf4 Qc2 54. Qf3 Kh7 55. Kg2 Qc4 56. Qb7+ Kh8 57. Qb8+ Kh7 58. Qe5 Qc6+ 59. Kh2 Qf3 60. Qf4 Qd3 61. Kg2 (61. Qf7+ $16 Kh8 62. Qf4) 61... Qc2 (61... Qd5+ $11 {remains equal.} 62. Qf3 Qd7) 62. Qf7+ Kh8 63. Qd5 Kh7 64. Kf3 Qc3+ 65. Ke2 $1 Qc2+ 66. Ke3 $1 {[%emt 0:00:11] White is more active.} Qc3+ 67. Qd3 $1 Qe5+ 68. Qe4 Qc3+ 69. Ke2 Qb2+ 70. Kf3 Qc3+ 71. Kg2 Qf6 72. Qd5 Qe7 73. Kf3 Qf6+ {[%emt 0:00:02] [#]} 74. Ke2 $1 Qb2+ {[%emt 0:00:05] [#]} 75. Qd2 $1 Qe5+ 76. Qe3 Qb2+ 77. Kf3 Qf6+ 78. Ke2 Qb2+ 79. Kd3 Qf6 80. Kc4 (80. Qa7+ $16 Kh6 81. Qd4 (81. Qe3+ Kh7 $14) 81... Qa6+ 82. Ke3 Qa3+ 83. Ke2) 80... Qc6+ 81. Qc5 Qe4+ 82. Kb5 Qb7+ 83. Qb6 Qd5+ 84. Ka6 Kh6 85. Ka7 Qd7+ 86. Kb8 {[%emt 0:00:17] and Qe3+ would now be decisive} Qe8+ 87. Kc7 Qe7+ 88. Kc8 Qe8+ 89. Qd8 Qc6+ 90. Kb8 Qb5+ 91. Kc7 Qc5+ 92. Kd7 Qa7+ 93. Qc7 Qa4+ 94. Ke7 Qa3+ 95. Kf7 Qa2+ 96. Kf6 $1 Qb2+ 97. Qe5 Qb6+ $1 98. Kf7 Qa7+ 99. Kf8 {[%emt 0:00:08] Intending Qe3+ and mate.} Qa8+ 100. Qe8 Qa1 101. Qe3+ Kh7 102. Qe7+ Kh6 103. Kg8 1/2-1/2

[Event "Azerbaijan-ch 1st League 2025"]
[Site "Baku"]
[Date "2025.01.10"]
[Round "5.3"]
[White "Hamidov, Allahverdi"]
[Black "Ahmadov, Fariz"]
[Result "1/2-1/2"]
[Annotator "TA"]
[ECO "A52"]
[WhiteElo "2200"]
[BlackElo "2224"]
[PlyCount "89"]
[EventDate "2025.01.05"]
[EventType "swiss"]
[EventCountry "AZE"]
[SourceTitle "playchess.com"]
[Source "ChessBase"]
[SourceQuality "1"]
[TimeControl "40/5400+30:1800+30"]

1. d4 Nf6 2. c4 e5 3. dxe5 Ng4 4. e3 Nxe5 5. f4 Ng6 6. h4 Nxh4 7. e4 {[%emt 0:00:10] Inhibits Nf5.} Ng6 8. Nf3 {[%emt 0:02:00][%mdl 1024] White has compensation.} Nc6 (8... Bb4+ $142 9. Bd2 Bxd2+ 10. Qxd2 d6) 9. a3 $11 a5 10. Nc3 Bc5 {[%emt 0:01:27] Prevents Be3.} 11. Qd3 d6 12. Bd2 Bg4 13. Nd5 Bxf3 ({Better is} 13... h6 $11) 14. gxf3 $14 Nd4 15. Bc3 c6 $1 16. Bxd4 cxd5 17. Bxc5 (17. Bxg7 {is interesting.} Nxf4 18. Qd2 Rg8 19. Bh6) 17... dxc5 18. cxd5 Nxf4 19. Qb5+ Qd7 20. Qxc5 Rc8 21. Qe3 (21. Qxa5 $6 O-O 22. Qd2 Qd6 $11) 21... Qd6 22. e5 $1 Nxd5 23. Bb5+ Kf8 (23... Kd8 $142 24. Qe4 f5) 24. exd6 $16 {[%emt 0:00:17] White threatens d7 and mate.} Nxe3 25. Kd2 (25. Kf2 $16 Nf5 26. Rhd1 (26. d7 Rd8 $18)) 25... Nd5 26. Rac1 Rd8 $1 27. Rhe1 g6 {[%emt 0:02:22] [#]} (27... Ne7 $11 28. Rc7 (28. Rxe7 $2 Rxd6+ 29. Ke2 Kxe7 $19) (28. d7 Nc6 $17) 28... Rxd6+ 29. Kc2 Re6 (29... Nc6 30. Rc8+ Rd8 31. Rxd8+ Nxd8 32. Re8#) 30. Rxb7 g5 (30... Rxe1 $2 31. Rb8+ $18) 31. Rxe6 fxe6) 28. Re8+ $1 Kg7 29. d7 $36 {[%emt 0:00:07][%mdl 2048] White has strong initiative. White has more active pieces.} Nb6 30. Rxh8 (30. Ke3 $16) 30... Kxh8 {[%emt 0:00:11][%mdl 4096] Endgame KRB-KRN. Black is a pawn up.} 31. Rc7 Kg7 (31... h5 $16 {was necessary.}) 32. Rxb7 $18 Nd5 {[%emt 0:00:02] [#]} 33. Bc6 (33. b4 $1 $16 axb4 34. a4) 33... Ne7 $14 34. Ba4 $1 h5 35. Ke1 Nf5 {[%emt 0:02:31] [#]} (35... Kf8 $11 {keeps the balance.}) 36. b4 (36. Kf2 $1 $16) 36... axb4 37. axb4 (37. Rxb4 $14 {is more appropriate.} Kf8 38. Bb5) 37... Nd4 38. Kf2 Ne6 39. Bc6 Kf6 40. b5 {[%emt 0:00:00] and b6 would now be decisive} Ke7 41. Ra7 Kd6 42. Ra1 Nc5 43. Rd1+ Kc7 44. f4 Nxd7 45. Re1 1/2-1/2

[Event "Azerbaijan-ch 1st League 2025"]
[Site "Baku"]
[Date "2025.01.10"]
[Round "5.4"]
[White "Ughuzov, Ravan"]
[Black "Suleymanli, Suleyman"]
[Result "1/2-1/2"]
[Annotator "TA"]
[ECO "C02"]
[WhiteElo "2250"]
[BlackElo "2280"]
[PlyCount "85"]
[EventDate "2025.01.05"]
[EventType "swiss"]
[EventCountry "AZE"]
[SourceTitle "playchess.com"]
[Source "ChessBase"]
[SourceQuality "1"]
[TimeControl "40/5400+30:1800+30"]

1. e4 e6 2. d4 d5 3. e5 c5 4. c3 Ne7 5. Nf3 Nd7 6. Bd3 Nc6 7. O-O Be7 8. a3 a5 9. Be3 Qb6 10. b3 O-O 11. Bc2 f5 12. exf6 Nxf6 13. Ne5 Bd6 14. Ng4 Bd7 15. Qd3 g6 16. h3 (16. Nxf6+ $11 {feels stronger.} Rxf6 17. dxc5 Bxc5 18. Bxc5 Qxc5 19. Nd2) 16... Rac8 17. Rc1 (17. Nxf6+ $11 Rxf6 18. dxc5 Bxc5 19. Bxc5 Qxc5 20. Qg3) 17... Nxg4 $17 18. hxg4 Rf7 (18... cxd4 $17 19. cxd4 Bf4) 19. Nd2 $15 cxd4 20. cxd4 {[%emt 0:00:04] [#]} Bxa3 $1 21. Rxa3 Nb4 22. Qe2 {[%emt 0:01:13] Nf3 is the strong threat.} Nxc2 (22... Rxc2 23. Rca1 $11) 23. Ra2 Nxd4 24. Rxc8+ Bxc8 25. Bxd4 Qxd4 26. Rxa5 Rc7 27. Ra8 ({White should play} 27. Ra4 $15 Rc1+ 28. Kh2) 27... Rc1+ $1 $19 28. Nf1 Kf7 29. g5 Ke7 30. Ra4 {[%emt 0:00:44] [#]} Qd1 $2 ({Black should try} 30... Qc3 $1 $17 {[%cal Oc8d7] Threatens to win with ...Bd7!.} 31. Rh4 Bd7 (31... Qxb3 $2 32. Qe5 $18) 32. Rxh7+ Kd6) 31. Qb5 $11 Bd7 32. Qb4+ Kf7 33. Qf4+ Kg8 (33... Ke8 $5 34. Ra8+ $8 Bc8 $11) 34. Ra8+ Bc8 35. Qf6 {[%emt 0:01:04] Dancing on a razor blade.} Qxf1+ 36. Kh2 Qe2 $2 {[%emt 0:00:44][%mdl 8192] [#]} (36... Qe1 $11) 37. Qd8+ $2 ({Only move:} 37. Ra4 $1 $18 {[%cal Ra4f4] White threatens Rf4 and mate.} Qh5+ 38. Kg3) 37... Kf7 38. Rxc8 Qe5+ (38... Qh5+ 39. Kg3 Rxc8 40. Qd7+ Kf8 41. Qxc8+ Ke7 42. Qxb7+ Kd8 43. Qa8+ Kd7 44. Qa7+ Kd6 45. Qa6+ Kc5 46. Qa5+ (46. Qxe6 Qxg5+ 47. Kf3 Kb4 $11) 46... Kc6 47. Qa8+ Kb6 48. Qd8+ Kb5 49. Qb8+ Kc5 50. b4+ Kc4 51. Qe5) 39. g3 Rxc8 40. Qd7+ Kf8 41. Qxc8+ Ke7 42. Qxb7+ Kd8 43. Qb6+ 1/2-1/2

[Event "Azerbaijan-ch 1st League 2025"]
[Site "Baku"]
[Date "2025.01.10"]
[Round "5.5"]
[White "Abdulkarimli, Eljan"]
[Black "Rustamov, Rustam"]
[Result "1/2-1/2"]
[Annotator "TA"]
[ECO "E24"]
[WhiteElo "2163"]
[BlackElo "2305"]
[PlyCount "225"]
[EventDate "2025.01.05"]
[EventType "swiss"]
[EventCountry "AZE"]
[SourceTitle "playchess.com"]
[Source "ChessBase"]
[SourceQuality "1"]
[TimeControl "40/5400+30:1800+30"]

1. d4 Nf6 2. c4 e6 3. Nc3 Bb4 4. a3 Bxc3+ 5. bxc3 b6 6. f3 d5 7. Bg5 h6 8. Bh4 Bb7 9. e3 O-O 10. Bd3 Nbd7 11. Ne2 c5 12. cxd5 exd5 13. O-O Qe7 14. Bf2 a5 15. Re1 Ba6 16. Bc2 Bxe2 17. Qxe2 Rac8 18. Qd3 Rfd8 19. Rab1 Qe6 20. Ba4 Qd6 21. Bg3 Qe7 22. Bf2 Qd6 23. Bg3 Qe7 24. h3 Kh8 25. Bf4 Kg8 26. Bg3 Nh5 27. Bh2 Nhf6 28. Bf4 Kh8 29. g4 Qe6 30. Kf2 Kg8 31. Rb2 Qe7 32. Rbb1 Nh7 33. Rh1 h5 34. Rhg1 h4 35. Rge1 Ng5 36. Kg2 Ne6 37. Bh2 Ng5 38. Bf4 Ne6 39. Bh2 Ng5 40. Re2 Qf6 41. Rf2 Qe6 42. Bf4 Nh7 43. Rfb2 Nhf8 44. Re1 Qe7 45. Bb5 Ng6 46. Bh2 Ndf8 47. Rf1 (47. Ba6 $16) 47... Nh7 (47... Ne6 $14) 48. Ba4 $1 $16 cxd4 (48... c4 $6 49. Qd1 $14) 49. cxd4 Rc4 50. Bb5 Rcc8 51. Ba4 ({White should play} 51. Rbb1 $16) 51... Rc4 $14 52. Bb5 (52. Bb3 $1 $14) 52... Rcc8 $16 53. e4 (53. Rbb1 $16) 53... Qf6 $11 54. e5 (54. Ba6 $1 $11 {keeps the balance.} Ra8 55. Bb7) 54... Nf4+ $17 55. Bxf4 Qxf4 56. Qd2 Qg3+ 57. Kh1 Qxh3+ 58. Qh2 Qxh2+ 59. Rxh2 g5 60. f4 gxf4 (60... Rc3 $17 61. a4 gxf4 62. Rxf4 Ng5) 61. Rxh4 Nf8 62. Bd3 (62. Rxf4 $2 Ng6 63. g5 Rc3 $19) 62... Rc3 63. Rh3 {[%emt 0:01:32] [#]} (63. Bf5 $142) 63... Rdc8 (63... Rxa3 64. Bh7+ (64. Rxf4 Ra1+ 65. Kg2 Ra2+ 66. Kg3 Rc8 $17) 64... Nxh7 65. Rxa3 $16) (63... Kg7 $1 64. Rxf4 Rxa3) 64. Rxf4 $17 Ne6 (64... Rxa3 $6 65. Bh7+ Nxh7 66. Rxa3 $14) 65. Rf6 Nxd4 (65... Rxa3 $2 66. Bh7+ Kg7 67. Rxa3 $18) (65... b5 $15 66. Kh2 R8c7 (66... Rxa3 $2 67. Bh7+ Kg7 68. Rxa3 $18) (66... Nxd4 67. g5 $15) 67. Bxb5 Rc2+ (67... Nxd4 68. Bd3 $15) (67... Rxh3+ 68. Kxh3 Nxd4 69. a4 $15) 68. Kg1 Nxd4) 66. Rxb6 Ne6 67. Rb5 {[%emt 0:01:40] [#]} (67. Bh7+ $15 Kg7 68. Rxc3 Rxc3 69. Bf5) 67... Nf4 (67... Rxa3 68. Bh7+ (68. Rxd5 $2 Ra1+ 69. Kh2 Nf4 $19) 68... Kh8 69. Rxa3 $16) (67... d4 $1 $17 68. Rf3 Kg7 (68... Rxa3 69. Bh7+ Kxh7 70. Rxa3 $14) 69. Rxa5 Rh8+ 70. Kg2 Rxd3 71. Rxd3 Nf4+ 72. Kf3 Nxd3) 68. Bh7+ $15 Kg7 69. Rxc3 Rxc3 70. Bf5 Rxa3 71. Rb7 Re3 72. Ra7 d4 73. Rd7 $2 (73. e6 $1 $15) 73... d3 (73... Rxe5 74. Rxd4 Nd5 75. Bd7 $17) 74. e6 Nxe6 75. Bxe6 Rxe6 76. Rxd3 Re4 77. Rd5 Ra4 (77... Rxg4 78. Rxa5 Kf6 79. Ra3 $11) 78. Kh2 Ra3 (78... Rxg4 79. Rxa5 f5 80. Rxf5 $11) 79. Kg2 a4 80. Ra5 Ra1 81. Ra6 f6 $2 (81... Kg8 $19 {and ...Kh7 would now be decisive} 82. g5 Kf8) 82. Ra7+ Kg6 83. Ra5 a3 84. Kh2 Kf7 85. Ra6 Ke7 86. Kg2 Ra2+ 87. Kg3 Kf7 88. Kh3 Kg6 89. Ra5 Ra1 90. Kh2 Kf7 91. Ra6 Ke7 92. Kg2 Kf7 93. Kh2 Kg6 94. Ra5 $1 Kf7 95. Ra6 a2 96. Kg2 Ke7 97. Kh2 Kd7 98. Kg2 Kc7 99. Kh2 Kb7 100. Ra3 Kb6 101. Kg2 Kb5 102. Ra8 Kb4 103. Rb8+ Kc3 104. Rc8+ Kd4 105. Ra8 $1 Ke4 106. Ra4+ (106. Ra6 $1 $11) 106... Ke5 107. Kh2 $1 Ke6 108. Kg2 Kf7 (108... Ke7 $15) 109. Ra7+ (109. Ra6 $1 $11) 109... Kg6 ({Black should play} 109... Kf8 $1 $15) 110. Ra5 $11 Kh6 111. Rh5+ Kg7 112. Ra5 Kh7 113. Rh5+ 1/2-1/2

[Event "Azerbaijan-ch 1st League 2025"]
[Site "Baku"]
[Date "2025.01.10"]
[Round "5.6"]
[White "Orujov, Farid"]
[Black "Davudov, Tunar"]
[Result "1-0"]
[Annotator "TA"]
[ECO "C78"]
[WhiteElo "2301"]
[BlackElo "2225"]
[PlyCount "139"]
[EventDate "2025.01.05"]
[EventType "swiss"]
[EventCountry "AZE"]
[SourceTitle "playchess.com"]
[Source "ChessBase"]
[SourceQuality "1"]
[TimeControl "40/5400+30:1800+30"]

1. e4 e5 2. Nf3 Nc6 3. Bb5 a6 4. Ba4 Nf6 5. O-O b5 6. Bb3 Bb7 7. Re1 Bc5 8. c3 d6 9. d4 Bb6 10. a4 h6 11. h3 O-O 12. Be3 exd4 (12... Nxe4 13. d5 Bxe3 14. Rxe3 $16) 13. cxd4 Na5 14. d5 Bxe3 15. Rxe3 Re8 16. Nbd2 Nd7 (16... c6 $11) 17. Ba2 b4 18. Rc1 $1 Nc5 (18... Rc8 $16 {keeps fighting.}) 19. e5 $1 $18 c6 20. dxc6 Bxc6 21. Nd4 Bxa4 (21... b3 $142) 22. Qg4 (22. Qh5 $18 {has better winning chances.} b3 23. Rg3 (23. N4xb3 Naxb3 24. Nxb3 Bxb3 $17) 23... Rxe5 (23... bxa2 24. Rxg7+ Kxg7 25. Nf5+ Kg8 26. Nxh6+ Kh8 27. Nf5+ Kg8 28. Qg4+) 24. Qxh6) 22... b3 (22... Rxe5 $2 23. Rxe5 (23. Nf5 Qf6 $18) 23... b3 (23... dxe5 $2 24. Nf5 $18) 24. Nf5 $18) (22... dxe5 $2 23. Nf5 (23. Rxc5 exd4 24. Rg3 g5 $16) 23... Qg5 24. Qxg5 (24. Rxc5 Qxg4 25. hxg4 Bb5 $18) (24. Qxb4 Nab3 $18) 24... hxg5 25. Rxc5 $18) (22... Bd7 $16 23. Qf3 Ne6) 23. Bb1 $1 (23. N4xb3 Naxb3 (23... Rxe5 $2 24. Rxe5 dxe5 25. Rxc5 $18) 24. Nxb3 Bxb3 $11 (24... Rxe5 $2 25. Rxe5 Bd7 26. Qf3 $18)) (23. Nf5 Qg5 24. Qxg5 hxg5 $15) 23... Qg5 (23... Bd7 $142 24. Bf5 Ne6 (24... dxe5 25. Rxc5 exd4 26. Rg3 $16)) 24. Qxg5 $2 (24. exd6 Qxg4 25. hxg4 Ncb7 $11) ({White has to play} 24. Qf3 $1 $18) 24... hxg5 $14 25. exd6 Rxe3 (25... Ncb7 $14) 26. fxe3 $16 Ncb7 {[%emt 0:01:31] [#]} 27. Ne4 $1 $36 {[%emt 0:04:27][%mdl 2048] White is really pushing. White is more active.} Rd8 28. Bd3 g6 $2 (28... Be8 $16) 29. Bxa6 $18 ({Weaker is} 29. Nxg5 Nxd6 30. Bxa6 (30. Ra1 Nab7 $18) 30... Rb8 $14) (29. Ra1 Bc6 $16) 29... Nxd6 30. Nxd6 (30. Nxg5 Rb8 31. Rc7 Rb4 $14) 30... Rxd6 {[%emt 0:00:01] [#]} 31. Ra1 $1 Rxa6 32. Rxa4 {[%emt 0:00:01][%cal Od4b3][%mdl 4096] Endgame KRN-KRN} Ra7 33. Nxb3 Nc6 34. Rxa7 Nxa7 {[%emt 0:00:03] KN-KN. White is a pawn up.} 35. Nd4 {[%emt 0:00:04] Dodges Nc6} Kf8 36. Kf2 Ke7 37. Ke2 Nc8 38. b4 Nb6 39. Kd3 Kd6 (39... Nd5 $142 40. Nc2 g4) 40. e4 Ke5 41. g3 f6 42. Nf3+ Ke6 (42... Kd6 $142 43. g4 Na8 44. e5+ fxe5) 43. Kd4 Nd7 44. b5 Kd6 45. Nd2 f5 46. Nc4+ (46. g4 $142) 46... Ke6 47. b6 f4 48. g4 Nb8 49. Nd2 {[%emt 0:08:19] aiming for Nf3.} Kd6 50. e5+ Kc6 51. Nf3 Kxb6 52. Kd5 Kc7 53. Ke6 Nc6 54. Kf6 Kd7 55. e6+ Ke8 56. Kxg6 Ke7 57. Kxg5 Kxe6 58. Kxf4 (58. h4 Ne7 59. h5 (59. Kxf4 Kf6 $18) 59... Kf7 60. Kxf4 Nd5+ 61. Ke4 Nf6+ 62. Kf5 Nd5 63. Ne5+ Kg7 $18) 58... Ne7 59. h4 Kf6 60. g5+ Kg6 61. Kg4 Nd5 62. h5+ Kh7 63. Nd4 Ne3+ 64. Kf3 Nd5 65. Nf5 Kh8 66. Ke4 Nc7 67. Ke5 Na6 68. g6 Nc5 69. h6 Kg8 70. Ne7+ 1-0

[Event "Azerbaijan-ch 1st League 2025"]
[Site "Baku"]
[Date "2025.01.10"]
[Round "5.7"]
[White "Ibrahimli, Suat"]
[Black "Gurbanov, Ismayil"]
[Result "1-0"]
[Annotator "TA"]
[ECO "E05"]
[WhiteElo "1949"]
[BlackElo "2248"]
[PlyCount "89"]
[EventDate "2025.01.05"]
[EventType "swiss"]
[EventCountry "AZE"]
[SourceTitle "playchess.com"]
[Source "ChessBase"]
[SourceQuality "1"]
[TimeControl "40/5400+30:1800+30"]

1. d4 Nf6 2. c4 e6 3. g3 d5 4. Nf3 Be7 5. Bg2 O-O 6. O-O dxc4 7. Qc2 b5 8. a4 b4 9. Nfd2 c6 10. Nxc4 (10. Qxc4 Ba6 11. Qa2 Qxd4 $17 (11... Bxe2 12. Re1 $17)) 10... Qxd4 11. Be3 Qg4 12. h3 (12. Ne5 {is more complex.} Qh5 13. f4 Ng4 14. Nxg4 Qxg4 15. Bf3) 12... Qg6 13. Qc1 Nd5 14. Bd4 (14. Nbd2 $1 $11) 14... Nd7 $15 15. e4 N5b6 (15... Ba6 $1 $17 {Strongly threatening ...N5b6.} 16. exd5 cxd5) 16. Nxb6 axb6 17. Rd1 (17. Qxc6 $15 Rb8 18. Nd2) 17... e5 $17 18. Be3 Nc5 19. Nd2 {[%emt 0:00:34][%cal Oa4a5] Against Nb3} Nd3 (19... Nxa4 20. Qc2 b3 (20... b5 21. b3 $16) 21. Nxb3 $14) (19... Rxa4 $142 20. Qc2 Rxa1 21. Rxa1 Qd6) 20. Qc2 {[%emt 0:00:23] [#]} Nf4 $1 21. Nc4 (21. gxf4 $2 Bxh3 22. Kf1 Qxg2+ 23. Ke1 exf4 24. Bxb6 f3 $19) (21. Bxb6 Nxh3+) 21... Nxg2 (21... Bxh3 $2 22. Nxe5 (22. gxf4 $2 Qxg2#) 22... Qe6 23. gxf4 $18 (23. Bxf4 Bxg2 24. Kxg2 g5 $18)) 22. Kxg2 c5 23. f3 Qe6 ({Better is} 23... h5 24. g4 Rd8 25. Nxe5 Qf6 26. Rxd8+ Bxd8) 24. g4 Ba6 25. Rd5 Rfd8 (25... Bxc4 {simplifies} 26. Qxc4 Rfd8 27. Rxd8+ Bxd8 28. Qxe6 fxe6 29. b3 Kf7) 26. b3 (26. Rxe5 $11 {keeps the balance.} Qxc4 27. Qxc4 Bxc4 28. Rxe7) 26... f6 27. Rad1 Bb7 28. Bf2 Rab8 ({Don't play} 28... Bxd5 $6 29. exd5 Qf7 (29... Rxd5 30. Rxd5 Qxd5 31. Nxb6 $16) 30. d6 Bxd6 31. Nxd6 $14 (31. Rxd6 Rxd6 32. Nxd6 Qe6 $16)) 29. Rxd8+ Rxd8 30. Rxd8+ Bxd8 31. Qd3 Bc7 32. Ne3 Kf7 33. h4 (33. Nd5 $11 Bxd5 34. exd5) 33... g6 (33... Bc8 $17) 34. Nd5 $1 $11 Qd7 35. Qc4 Bxd5 36. exd5 {[%emt 0:00:08][%mdl 4096] Endgame aiming for d6+. KQB-KQB. Black is a pawn up.} Ke7 37. a5 Kd6 $2 {[%emt 0:00:38][%mdl 8192] [#]} (37... bxa5 $11 {and Black has nothing to worry.} 38. Bxc5+ Bd6) 38. Qa6 $1 $18 Qd8 $2 (38... Qe8 39. axb6 Bb8) 39. Qb7 bxa5 40. Qc6+ Ke7 41. Qe6+ Kf8 42. Bxc5+ Kg7 43. Be7 Qe8 44. Bxf6+ Kf8 {[%emt 0:00:01] [#]} 45. Bg7+ $1 1-0

[Event "Azerbaijan-ch 1st League 2025"]
[Site "Baku"]
[Date "2025.01.10"]
[Round "5.8"]
[White "Garayev, Kanan"]
[Black "Alizada, Agshin"]
[Result "1-0"]
[Annotator "TA"]
[ECO "D38"]
[WhiteElo "2340"]
[BlackElo "2116"]
[PlyCount "113"]
[EventDate "2025.01.05"]
[EventType "swiss"]
[EventCountry "AZE"]
[SourceTitle "playchess.com"]
[Source "ChessBase"]
[SourceQuality "1"]
[TimeControl "40/5400+30:1800+30"]

1. d4 e6 2. Nf3 Nf6 3. c4 Bb4+ 4. Nc3 d5 5. cxd5 exd5 6. Qa4+ Nc6 7. Bg5 h6 8. Bxf6 Qxf6 9. e3 O-O 10. Be2 Rd8 11. O-O Bf8 12. Rac1 Ne7 13. b4 c6 14. b5 cxb5 15. Qxb5 a6 16. Qb3 Qd6 17. Na4 Nc6 18. Qb6 Bd7 19. Nc3 (19. Qxb7 $2 Rdb8 $19) 19... Bf5 20. Na4 (20. Qxb7 Rdb8 21. Nb5 axb5 (21... Rxb7 22. Nxd6 Bxd6 23. Rxc6 $16) 22. Qxc6 Qxc6 (22... Rxa2 23. Bxb5 Qb4 24. Nh4 $15) 23. Rxc6 Rxa2 $17) 20... Nb4 (20... Qb4 $15 21. Bd1 Bd3) 21. Qxb7 $11 Bc2 (21... Bd7 $11 22. Ne5 Be8 (22... Rab8 23. Qa7 $11)) 22. Ne5 $16 Qf6 (22... Be7 $142) 23. Nd7 {[%emt 0:00:57] White is much more active.} (23. Nb6 $16 Rdb8 (23... Rab8 24. Qc7 $11) 24. Qc7 (24. Qxa8 Rxa8 25. Nxa8 Bf5 $18) (24. Ned7 Qd8 $11)) 23... Rxd7 $1 $11 24. Qxd7 {[%emt 0:01:27] and a3 would now be decisive} (24. Qxa8 $5 Rd8 $8 (24... Bxa4 $2 25. Rc8 $18) 25. Qb7 Bxa4 26. a3 $11) 24... Rd8 $1 25. Qb7 Bxa4 26. a3 Nc2 {[%emt 0:00:28] [#]} (26... Na2 $11 {remains equal.} 27. Rc7 Bd6) 27. Bd1 $1 $16 Bxa3 28. Bxc2 (28. Rxc2 Bxc2 29. Bxc2 Kf8) 28... Bxc1 29. Bxa4 Bd2 {[%emt 0:00:34] Black is weak on the light squares} 30. Rb1 ({White should try} 30. Rd1 $16 Ba5 31. Bc6) 30... a5 $14 31. Rb5 Be1 32. Rb2 Bb4 33. Rc2 Qf5 34. Qc7 Rf8 35. Qd7 Qxd7 36. Bxd7 {[%emt 0:00:02][%mdl 4096] Endgame KRB-KRB} Kh7 37. Rc8 Rxc8 38. Bxc8 {[%emt 0:00:02] KB-KB} Kg6 39. Bb7 a4 40. Bxd5 Kf6 41. Kf1 Ke7 42. Ke2 Bd6 43. g3 Bb4 44. Kd3 a3 45. e4 Be1 46. f4 Bf2 47. e5 Bg1 48. Bc4 (48. h3 $11) 48... Bxh2 $15 49. d5 (49. g4 $142) 49... Bxg3 $17 50. Ke4 g6 51. d6+ Ke8 {[%emt 0:00:25] White must now prevent ...h5.} 52. f5 $1 h5 (52... gxf5+ $15 53. Kxf5 Kf8) 53. f6 $1 $11 {[%emt 0:00:22][%cal Oc4f7] White wants to mate with Bxf7+!.} h4 $2 {[%emt 0:02:01][%mdl 8192] [#]} (53... Be1 $11) 54. Bxf7+ $1 Kd8 (54... Kxf7 55. d7) 55. Bd5 (55. Bxg6 $2 Bxe5 56. Bf7 (56. Kxe5 $2 {loses.} a2 $19) 56... Bxf6 $19) 55... Ke8 56. f7+ Kf8 57. d7 1-0